 Dungeon Crawl Stone Soup version 0.17.1-1-g73c8601 (webtiles) character file.

45409 Implojin the Grappler (level 14, -17/153 HPs)
             Began as a Troll Fighter on Apr 3, 2016.
             Was a Priest of Cheibriados.
             Demolished by a jumping spider (26 damage)
             ... on level 4 of the Spider Nest.
             The game lasted 01:04:13 (7324 turns).

Implojin the Grappler (Troll Fighter)               Turns: 7324, Time: 01:04:13

Health: -17/153    AC:  6    Str: 38      XL:     14   Next: 1%
Magic:  1/21       EV:  7    Int: 11 (12) God:    Cheibriados [***...]
Gold:   63         SH: 17    Dex: 21      Spells: 2 memorised, 10 levels left

rFire  + + .     SeeInvis .       - Unarmed
rCold  . . .     Clarity  .     e - +0 robe {MR+}
rNeg   . . .     SustAt   .     h - +0 large shield {rF+}
rPois  .         Gourm    +     (helmet restricted)
rElec  .         Spirit   .     k - +0 cloak
rCorr  .         Warding  .     (gloves unavailable)
rMut   .         Stasis   .     (boots unavailable)
MR     ++...                    w - amulet of regeneration
Stlth  +++.......               H - ring of Upsin {Str+3 Stlth+}
                                l - ring of protection from fire

@: about to teleport, very slow, very resistant to hostile enchantments, fairly
stealthy
A: unfitting armour, claws 3, fast metabolism 3, gourmand, regeneration 2,
shaggy fur 1, tough skin 2
a: Bend Time, Temporal Distortion, Renounce Religion


You were on level 4 of the Spider Nest.
You worshipped Cheibriados.
Cheibriados was most pleased with you.
You were not hungry.

You visited 6 branches of the dungeon, and saw 31 of its levels.
You also visited: Labyrinth and Bailey.

You collected 453 gold pieces.
You spent 390 gold pieces at shops.

Inventory:

Missiles
 E - 14 stones (quivered)
 V - a large rock
 W - 2 throwing nets
Armour
 b - a +0 shield
 e - a +0 robe of magic resistance (worn)
 h - a +0 large shield of fire resistance (worn)
 k - a +0 cloak (worn)
 C - a troll hide
Jewellery
 l - a ring of protection from fire (left claw)
 w - an amulet of regeneration (around neck)
 H - the ring of Upsin (right claw) {Str+3 Stlth+}
   (You found it on level 13 of the Dungeon)

   [ring of stealth]

   It affects your strength (+3).
   It makes you more stealthy.
 M - an uncursed ring of protection from cold
Wands
 r - a wand of hasting (4)
 x - a wand of digging (1)
 I - a wand of heal wounds (1)
 K - a wand of heal wounds (8)
 O - a wand of teleportation (8)
 R - a wand of digging (21)
 T - a wand of digging (13)
Scrolls
 f - a scroll of enchant armour
 m - 3 scrolls of amnesia
 o - 3 scrolls of enchant weapon
 t - 3 scrolls of remove curse
 D - a scroll of holy word
 F - a scroll of teleportation
 G - a scroll of immolation {unknown}
Potions
 g - 2 potions of curing
 i - 4 potions of flight
 s - 2 potions of haste
 N - 2 potions of agility
 P - a potion of invisibility
 Q - a potion of magic {unknown}
 X - a potion of berserk rage {unknown}
Books
 j - a book of Clouds

   Spells                             Type                      Level
   a - Mephitic Cloud                 Conjuration/Poison/Air       3
   b - Conjure Flame                  Conjuration/Fire             3
   c - Poisonous Cloud                Conjuration/Poison/Air       6
   d - Freezing Cloud                 Conjuration/Ice/Air          6
   e - Ring of Flames                 Charms/Fire                  7
 p - an Akashic Record

   Spells                             Type                      Level
   a - Dispersal                      Translocation                6
   b - Malign Gateway                 Summoning/Translocation      7
   c - Disjunction                    Translocation                8
   d - Controlled Blink               Translocation                8
 q - a book of Conjurations

   Spells                             Type                      Level
   a - Magic Dart                     Conjuration                  1
   b - Searing Ray                    Conjuration                  2
   c - Dazzling Spray                 Conjuration/Hexes            3
   d - Fulminant Prism                Conjuration/Hexes            4
   e - Iskenderun's Mystic Blast      Conjuration                  4
   f - Iskenderun's Battlesphere      Conjuration/Charms           5
 u - the Volume of Evil Secrets and Contamination
   (You found it in a labyrinth)

   Spells                             Type                      Level
   a - Animate Skeleton               Necromancy                   1
   b - Sublimation of Blood           Necromancy                   2
   c - Cure Poison                    Poison                       2
   d - Excruciating Wounds            Charms/Necromancy            5
   e - Poisonous Cloud                Conjuration/Poison/Air       6
 v - a book of Cantrips

   Spells                             Type                      Level
   a - Corona                         Hexes                        1
   b - Animate Skeleton               Necromancy                   1
   c - Summon Small Mammal            Summoning                    1
   d - Apportation                    Translocation                1
 y - the Incunabulum of Black Rituals
   (You found it in a labyrinth)

   Spells                             Type                      Level
   a - Pain                           Necromancy                   1
   b - Sublimation of Blood           Necromancy                   2
   c - Bolt of Draining               Conjuration/Necromancy       5
   d - Agony                          Necromancy                   5
   e - Simulacrum                     Ice/Necromancy               6
 z - a book of Changes

   Spells                             Type                      Level
   a - Beastly Appendage              Transmutation                1
   b - Sticks to Snakes               Transmutation                2
   c - Spider Form                    Transmutation/Poison         3
   d - Ice Form                       Ice/Transmutation            4
   e - Blade Hands                    Transmutation                5
 S - a book of Party Tricks

   Spells                             Type                      Level
   a - Summon Butterflies             Summoning                    1
   b - Apportation                    Translocation                1
   c - Tukima's Dance                 Hexes                        3
   d - Alistair's Intoxication        Transmutation/Poison         4
   e - Invisibility                   Hexes                        6
 Z - a Grand Grimoire

   Spells                             Type                      Level
   a - Monstrous Menagerie            Summoning                    6
   b - Summon Greater Demon           Summoning                    7
   c - Malign Gateway                 Summoning/Translocation      7
   d - Summon Horrible Things         Summoning                    8
Miscellaneous
 B - a crystal ball of energy
Comestibles
 c - 3 royal jellies
 d - 5 bread rations
 n - 5 meat rations
 A - 2 slices of pizza
 J - 10 fruits
 L - a beef jerky


   Skills:
 * Level 13.4 Fighting
 - Level 2.4 Dodging
 - Level 2.4 Shields
 - Level 14.0 Unarmed Combat
 - Level 11.0 Invocations


You had 10 spell levels left.
You knew the following spells:

 Your Spells              Type           Power        Failure   Level  Hunger
a - Cure Poison           Pois           #.........   100%        2    ###....
b - Apportation           Tloc           #.........   100%        1    ##.....


Dungeon Overview and Level Annotations

Branches:
Dungeon (15/15)            Temple (1/1) D:7            Lair (8/8) D:8
 Shoals (0/4) Lair:3       Spider (4/4) Lair:3          Orc (2/4) D:9
 Vaults (0/5) D:13         Depths (1/5) D:15
  Slime: Lair:6-8

Altars:
Ashenzari
Cheibriados
Fedhas
Gozag
Qazlal
Trog
Vehumet
Xom
Yredelemnul
Zin
The Shining One
Lugonu

Shops:
D:13 =

Annotations:
D:3 exclusion: upstairs
D:6 Eustachio
D:13 exclusion: upstairs
D:14 exclusion: 2 downstairs
Spider:1 Asterion, Frances


Innate Abilities, Weirdness & Mutations

You are too large for most types of armour.
You have claws for hands.
Your metabolism is lightning-fast.
You like to eat raw meat.
You heal very quickly.
You are covered in fur (AC +1).
You have very tough skin (AC +2).


Message History

You block the jumping spider's attack. The jumping spider bites you.
* * * LOW HITPOINT WARNING * * *
The jumping spider pounces on you!!
* * * LOW HITPOINT WARNING * * *
You block the jumping spider's attack.
You feel you are being watched by something.
You block its attack. Something hits you!
* * * LOW HITPOINT WARNING * * *
Something stings you.
* * * LOW HITPOINT WARNING * * *
You are more poisoned.
Something poisons you!
The moth of wrath bites you but does no damage.
Unknown command.
Drink which item? (? for menu, Esc to quit)
You feel better. You block the jumping spider's attack.
The jumping spider bites you.
* * * LOW HITPOINT WARNING * * *
The jumping spider pounces on you!!
* * * LOW HITPOINT WARNING * * *
The jumping spider bites you.
* * * LOW HITPOINT WARNING * * *
You block its attack. You block its attack. Something stings you!
* * * LOW HITPOINT WARNING * * *
You block the moth of wrath's attack.
Read which item? (? for menu, Esc to quit)
Okay, then.
Drink which item? (? for menu, Esc to quit)
Okay, then.
Evoke which item? (* to show all) (? for menu, Esc to quit)
Zapping:
I - a wand of heal wounds (2)
Press: ? - help, Shift-Dir - straight line, f - you You feel much better.
This wand has 1 charge left.
The jumping spider pounces on you!!
* * * LOW HITPOINT WARNING * * *
You block the jumping spider's attack. The jumping spider pounces on you!!
You die...

.## ##..†#.## ###.###.
...## #..#†## ## ### #.
...... #..##.## #.# ##
#..... #..###.##.#
......#######..# ##..#
..^y..'........# #..##
.....^'^.......###.##.##
......'......{.##.# ##.#
......#######y@#.## ###
#.... #.#s## s.^s #.##.#
... #.# #.# .# ##.# #.#
##..# #.# #..## #.# ####
#.# ##


You could see a moth of wrath and a jumping spider (berserk).

Vanquished Creatures
  4 vault guards (D:13)
  A fire dragon (D:15)
  A minotaur (Lab)
  A yaktaur captain (D:15)
  The ghost of JirkfaceJones the Cleaver, a journeyman MiBe of Trog (Lair:1)
  The ghost of JirkfaceJones the Cleaver, a journeyman DsBe of Trog (D:11)
  A hydra (D:13)
  5 centaur warriors
  A death yak (Lair:4)
  2 hill giants (D:14)
  A manticore (Lair:3)
  4 orb spiders
  A cyclops (D:14)
  A wolf spider (Spider:4)
  7 ugly things
  2 hornets
  A griffon (Lair:3)
  A black mamba (Lair:1)
  11 elephants
  4 spiny frogs
  2 centaur skeletons (D:13)
  6 komodo dragons
  A yaktaur (D:15)
  A demonic crawler (Spider:4)
  2 tengu conjurers (D:14)
  3 jumping spiders (Spider:4)
  A wind drake (shapeshifter) (D:14)
  4 trolls
  9 blink frogs (Lair:8)
  A centaur simulacrum (D:14)
  18 yaks
  3 redbacks
  3 tarantellas
  3 trapdoor spiders
  A shadow (D:15)
  A hungry ghost (Lab)
  A human (Temple)
  A deep elf mage (D:13)
  2 basilisks
  2 wyverns
  8 hippogriffs
  A golden eye (shapeshifter) (D:13)
  A steam dragon (D:13)
  4 wargs
  A soldier ant (D:13)
  2 porcupines
  5 sky beasts
  5 orc warriors
  3 ogres
  A phantom (D:6)
  8 water moccasins
  A brain worm (D:13)
  5 crocodiles
  4 centaurs
  An earth elemental (Lab)
  10 giant frogs
  18 killer bees
  4 scorpions
  A wyvern skeleton (D:9)
  6 wights
  2 electric eels (Lair:2)
  2 crimson imps
  3 hounds
  4 centaur zombies
  The ghost of JirkfaceJones the Firebug, a weakling DEFE (D:3)
  6 iguanas
  A jelly (D:8)
  6 orc priests
  A quasit (D:10)
  11 worker ants
  8 orc wizards
  7 sheep (Lair:7)
  2 hound skeletons
  2 worker ant zombies
  26 river rats
  6 adders
  A shadow imp (D:11)
  A worm (D:3)
  A giant gecko (D:3)
  54 orcs
  A ball python (D:6)
  2 giant cockroaches (D:6)
  7 goblins
  3 hobgoblins
  A quokka (D:6)
  2 kobolds
  A rat (D:1)
  2 butterflies (D:6)
369 creatures vanquished.

Vanquished Creatures (others)
  2 fungi (Lair:7)
2 creatures vanquished.

Grand Total: 371 creatures vanquished

Notes
Turn   | Place    | Note
--------------------------------------------------------------
     0 | D:1      | Implojin the Troll Fighter began the quest for the Orb.
     0 | D:1      | Reached XP level 1. HP: 22/22 MP: 0/0
   132 | D:3      | Reached XP level 2. HP: 23/29 MP: 1/1
   143 | D:3      | Reached skill level 3 in Unarmed Combat
   296 | D:3      | Noticed JirkfaceJones's ghost (weakling DEFE)
   315 | D:3      | Killed JirkfaceJones's ghost
   315 | D:3      | Reached skill level 4 in Unarmed Combat
   315 | D:3      | Reached XP level 3. HP: 29/36 MP: 2/2
   392 | D:4      | Noticed a phantom
   431 | D:4      | Reached XP level 4. HP: 24/44 MP: 3/3
   449 | D:5      | Entered Level 5 of the Dungeon
   526 | D:6      | Found a stormy altar of Qazlal.
   621 | D:6      | Found a runed door.
   623 | D:6      | Found a runed door.
   626 | D:6      | Reached skill level 5 in Unarmed Combat
   631 | D:6      | Reached XP level 5. HP: 44/50 MP: 4/4
   648 | D:6      | Reached skill level 6 in Unarmed Combat
   663 | D:6      | Reached XP level 6. HP: 15/59 MP: 5/5
   675 | D:6      | Reached skill level 3 in Fighting
   689 | D:6      | Noticed a giant frog
   695 | D:6      | Killed a giant frog
   708 | D:6      | Reached skill level 4 in Fighting
   715 | D:6      | Noticed a sky beast
   724 | D:6      | Noticed a phantom
   737 | D:6      | Reached XP level 7. HP: 10/71 MP: 6/6
   765 | D:6      | Killed a phantom
   765 | D:6      | Reached skill level 5 in Fighting
   819 | D:6      | Noticed Eustachio
   826 | D:6      | Found a shattered altar of Ashenzari.
   840 | D:6      | Killed a sky beast
   890 | D:7      | Noticed a human
   890 | D:7      | Noticed a yak
   891 | D:7      | Noticed a hog
   903 | D:7      | Found a staircase to the Ecumenical Temple.
   912 | Temple   | Entered the Ecumenical Temple
   928 | Temple   | Became a worshipper of Cheibriados the Contemplative
   936 | Temple   | Killed a human
   936 | Temple   | Reached skill level 6 in Fighting
   957 | D:7      | Killed a yak
   957 | D:7      | Reached XP level 8. HP: 60/84 MP: 7/7
  1007 | D:8      | Reached skill level 7 in Fighting
  1151 | D:10     | Entered Level 10 of the Dungeon
  1195 | D:10     | Reached skill level 7 in Unarmed Combat
  1197 | D:10     | Noticed a centaur skeleton
  1231 | D:9      | Noticed a troll
  1246 | D:9      | Killed a troll
  1246 | D:9      | Reached skill level 8 in Unarmed Combat
  1257 | D:9      | Found a staircase to the Orcish Mines.
  1268 | D:9      | Reached * piety under Cheibriados
  1404 | D:9      | Reached XP level 9. HP: 46/96 MP: 8/8
  1454 | D:9      | Reached skill level 8 in Fighting
  1486 | D:9      | Reached skill level 9 in Fighting
  1537 | D:9      | Found a glowing silver altar of Zin.
  1610 | D:9      | Reached skill level 9 in Unarmed Combat
  1693 | D:10     | Reached ** piety under Cheibriados
  1833 | D:11     | Noticed a green ugly thing
  1848 | D:11     | Killed a green ugly thing
  1848 | D:11     | Reached skill level 10 in Unarmed Combat
  1848 | D:11     | Reached XP level 10. HP: 55/107 MP: 9/9
  1906 | D:11     | Noticed a centaur zombie
  1916 | D:11     | Killed a centaur zombie
  1991 | D:11     | Found a labyrinth entrance.
  2000 | Lab      | Entered a labyrinth
  2159 | Lab      | Noticed a minotaur
  2172 | Lab      | Killed a minotaur
  2172 | Lab      | Reached skill level 10 in Fighting
  2174 | Lab      | Identified the Volume of Evil Secrets and Contamination
  2174 | Lab      | Identified the Incunabulum of Black Rituals
  2344 | D:11     | Reached skill level 11 in Unarmed Combat
  2371 | D:11     | Noticed a four-headed hydra
  2402 | D:11     | Noticed JirkfaceJones's ghost (journeyman DsBe)
  2415 | D:11     | Killed JirkfaceJones's ghost
  2417 | D:11     | Reached *** piety under Cheibriados
  2448 | D:11     | Noticed a red ugly thing
  2485 | D:11     | Noticed a brown ugly thing
  2496 | D:11     | Killed a brown ugly thing
  2496 | D:11     | Reached skill level 12 in Unarmed Combat
  2502 | D:11     | Reached XP level 11. HP: 39/118 MP: 10/10
  2861 | D:8      | Found a staircase to the Lair.
  2882 | D:8      | Reached **** piety under Cheibriados
  2906 | Lair:1   | Entered Level 1 of the Lair of Beasts
  2990 | Lair:1   | Reached skill level 13 in Unarmed Combat
  3283 | Lair:1   | Noticed JirkfaceJones's ghost (journeyman MiBe)
  3297 | Lair:1   | Killed JirkfaceJones's ghost
  3297 | Lair:1   | Reached skill level 14 in Unarmed Combat
  3430 | Lair:4   | Noticed a four-headed hydra
  3462 | Lair:3   | Found a basalt altar of Yredelemnul.
  3527 | Lair:3   | Found a hole to the Spider Nest.
  3576 | Lair:3   | Found a staircase to the Shoals.
  3594 | Lair:3   | Reached ***** piety under Cheibriados
  3691 | Lair:4   | Reached skill level 11 in Fighting
  3752 | Lair:4   | Reached skill level 1 in Invocations
  3754 | Lair:4   | Noticed a death yak
  3760 | Lair:4   | Killed a death yak
  3760 | Lair:4   | Reached skill level 2 in Invocations
  3761 | Lair:4   | Reached skill level 3 in Invocations
  3772 | Lair:4   | Reached XP level 12. HP: 117/130 MP: 13/13
  3792 | Lair:4   | Reached skill level 4 in Invocations
  4061 | Lair:8   | Entered Level 8 of the Lair of Beasts
  4063 | Lair:8   | Identified a scroll of acquirement
  4090 | Lair:7   | Reached skill level 5 in Invocations
  4114 | Lair:7   | Reached skill level 6 in Invocations
  4171 | Lair:7   | Noticed a six-headed hydra
  4222 | Lair:7   | Noticed a six-headed hydra
  4238 | Lair:8   | Reached skill level 7 in Invocations
  4277 | Lair:8   | Reached skill level 8 in Invocations
  4314 | Lair:8   | Reached ****** piety under Cheibriados
  4367 | Lair:8   | Learned a level 2 spell: Cure Poison
  4369 | Lair:8   | Learned a level 1 spell: Apportation
  4382 | Lair:8   | Reached skill level 9 in Invocations
  4393 | Lair:8   | Noticed a five-headed hydra
  4845 | D:13     | Found Copum's Jewellery Shop.
  5133 | D:14     | Reached skill level 10 in Invocations
  5184 | D:13     | Noticed a six-headed hydra
  5207 | D:13     | Killed a six-headed hydra
  5289 | D:13     | Got a coiled lapis lazuli ring
  5368 | D:14     | Reached XP level 13. HP: 65/137 MP: 19/19
  5393 | D:15     | Entered Level 15 of the Dungeon
  5484 | D:14     | Identified the ring of Upsin {Str+3 Stlth+} (You found it on level 13 of the Dungeon)
  5555 | D:15     | Reached skill level 11 in Invocations
  5583 | D:15     | Found a staircase to the Depths.
  5601 | Depths:1 | Entered Level 1 of the Depths
  5761 | D:13     | Noticed a centaur warrior
  5768 | D:13     | Killed a centaur warrior
  5844 | D:13     | Noticed a centaur warrior
  5849 | D:13     | Killed a centaur warrior
  6080 | D:13     | Found a gate to the Vaults.
  6080 | D:13     | Noticed a vault guard
  6080 | D:13     | Noticed a vault guard
  6080 | D:13     | Noticed a vault guard
  6081 | D:13     | Noticed a vault guard
  6081 | D:13     | Noticed a centaur warrior
  6087 | D:13     | Killed a vault guard
  6094 | D:13     | Killed a centaur warrior
  6094 | D:13     | Reached skill level 12 in Fighting
  6102 | D:13     | Killed a vault guard
  6109 | D:13     | Killed a vault guard
  6110 | D:13     | Killed a vault guard
  6346 | Orc:1    | Entered Level 1 of the Orcish Mines
  6413 | Orc:1    | Found a flagged portal.
  6421 | Bailey   | Entered a bailey
  6762 | D:11     | Killed a white ugly thing
  6818 | D:13     | Bought an uncursed amulet of regeneration for 390 gold pieces
  7040 | Spider:1 | Entered Level 1 of the Spider Nest
  7057 | Spider:1 | Reached skill level 13 in Fighting
  7070 | Spider:1 | Noticed Asterion
  7082 | Spider:1 | Noticed Frances
  7099 | Spider:3 | Paralysed by a hornet for 3 turns
  7105 | Spider:4 | Entered Level 4 of the Spider Nest
  7171 | Spider:4 | Paralysed by a hornet for 4 turns
  7240 | Spider:4 | Reached XP level 14. HP: 15/153 MP: 21/21
  7323 | Spider:4 | HP: 5/153 [something (12)]
  7324 | Spider:4 | Demolished by a jumping spider

Action                   |  1- 3 |  4- 6 |  7- 9 | 10-12 | 13-15 || total
-------------------------+-------+-------+-------+-------+-------++-------
Melee: Unarmed           |    91 |    87 |   213 |   568 |   225 ||  1184
Throw: Large rock        |       |       |       |     1 |     3 ||     4
       Stone             |       |       |       |       |     2 ||     2
Invok: Bend Time         |       |       |     1 |       |       ||     1
       Slouch            |       |       |       |     5 |    10 ||    15
       Temporal Distorti |       |       |       |     1 |     2 ||     3
Evoke: Wand              |       |       |       |    12 |    11 ||    23
  Use: Scroll            |       |     5 |     1 |    13 |     6 ||    25
       Potion            |       |     4 |     2 |     4 |     4 ||    14
 Stab: Sleeping          |       |       |     3 |     9 |     7 ||    19
  Eat: Chunk             |     4 |     7 |    10 |    24 |    10 ||    55

Table legend:
 A = Turns spent in this place as a percentage of turns spent in the entire game.
 B = Non-inter-level travel turns spent in this place as a percentage of non-inter-level travel turns spent in the entire game.
 C = Inter-level travel turns spent in this place as a percentage of turns spent in this place.
 D = Turns resting spent in this place as a percentage of non-inter-level travel turns spent in this place.
 E = Turns spent auto-exploring this place as a percentage of non-inter-level travel turns spent in this place.
 F = Non-inter-level travel turns spent in this place divided by the number of levels of this place that you've seen.
                   A       B       C       D       E      F
               +-------+-------+-------+-------+-------+----------------------
         Total | 100.0 | 100.0 |   0.0 |   0.1 |   0.0 | 222.7
       Dungeon |  62.2 |  62.2 |   0.0 |   0.1 |   0.0 | 304.9
        Temple |   0.7 |   0.7 |   0.0 |   0.0 |   0.0 |  48.0
          Lair |  26.0 |  26.0 |   0.0 |   0.0 |   0.0 | 238.9
   Spider Nest |   4.2 |   4.2 |   0.0 |   0.0 |   0.0 |  76.5
  Orcish Mines |   3.7 |   3.7 |   0.0 |   0.0 |   0.0 | 135.5
        Depths |   0.1 |   0.1 |   0.0 |   0.0 |   0.0 |   6.0
     Labyrinth |   2.6 |   2.6 |   0.0 |   0.0 |   0.0 | 193.0
        Bailey |   0.5 |   0.5 |   0.0 |   0.0 |   0.0 |  40.0
               +-------+-------+-------+-------+-------+----------------------

Table legend:
 A = Kills in this place as a percentage of kills in entire the game.
 B = Kills by you in this place as a percentage of kills by you in the entire game.
 C = Kills by friends in this place as a percentage of kills by friends in the entire game.
 D = Other kills in this place as a percentage of other kills in the entire game.
 E = Experience gained in this place as a percentage of experience gained in the entire game.
 F = Experience gained in this place divided by the number of levels of this place that you have seen.
                   A       B       C       D       E      F
               +-------+-------+-------+-------+-------+----------------------
         Total | 100.0 | 100.0 |  -nan |  -nan | 100.0 | 1965.8
       Dungeon |  52.9 |  52.9 |  -nan |  -nan |  53.9 | 2330.9
        Temple |   0.3 |   0.3 |  -nan |  -nan |   0.3 | 202.0
          Lair |  28.3 |  28.3 |  -nan |  -nan |  31.1 | 2519.8
   Spider Nest |   5.2 |   5.2 |  -nan |  -nan |  10.9 | 1764.2
  Orcish Mines |   9.0 |   9.0 |  -nan |  -nan |   1.4 | 450.0
     Labyrinth |   1.1 |   1.1 |  -nan |  -nan |   2.4 | 1554.0
        Bailey |   3.3 |   3.3 |  -nan |  -nan |   0.1 |  36.0
               +-------+-------+-------+-------+-------+----------------------
